SL
WIZARDING EXPRESS @ SEATTLE AVIATORS
06/26/2032
 
TOP OF THE 1ST
Wizarding Express batting - Pitching for Seattle Aviators : RHP José Muńóz
Pitching: RHP José Muńóz
Batting: LHB José Corona 0-0: Ball
1-0: Ball
2-0: Called Strike
2-1: Called Strike
2-2: Strikes out swinging
Batting: SHB Salvador Trevino 0-0: Ground out 5-3 (Groundball, 5D)
Batting: LHB Nathan Tanner 0-0: Swinging Strike
0-1: Swinging Strike
0-2: Fly out, F7 (Flyball, 7)
Top of the 1st over - 0 runs, 0 hits, 0 errors, 0 left on base; Wizarding 0 - Seattle 0
BOTTOM OF THE 1ST
Seattle Aviators batting - Pitching for Wizarding Express : RHP Juan Contreras
Pitching: RHP Juan Contreras
Batting: RHB Seon-keun Kim 0-0: Ball
1-0: SINGLE (Flyball, 8LS)
Batting: RHB Enrique Ibarra 0-0: Ball
1-0: Ball
2-0: Fielders Choice at 2nd, 1-6 (Groundball, 13S)
Batting: LHB Yoichibei Sato 0-0: Called Strike
0-1: Foul Ball, location: 2F
0-2: Ball
1-2: Ball
Enrique Ibarra steals 2nd base
2-2: Foul Ball, location: 2F
2-2: Foul Ball, location: 2F
2-2: DOUBLE (Line Drive, 8LD)
Enrique Ibarra scores
Batting: LHB Kenny Webster 0-0: Ball
1-0: Fly out, F8 (Flyball, 78D)
Batting: RHB Albert Zamudio 0-0: Ball
1-0: Called Strike
1-1: SINGLE (Flyball, 89M)
Yoichibei Sato to third
Runner from 3rd tries for Home, SAFE, no throw
Batting: LHB Pedro Corona 0-0: Ball
1-0: Foul Ball, location: 2F
1-1: Ball
2-1: SINGLE (Groundball, 6MD)
Albert Zamudio to second
Runner from 2nd tries for 3rd, SAFE, no throw
Batting: LHB Vinski Prifti 0-0: Called Strike
0-1: Called Strike
0-2: Ground out 4-3 (Groundball, 4)
Bottom of the 1st over - 2 runs, 4 hits, 0 errors, 2 left on base; Wizarding 0 - Seattle 2
TOP OF THE 2ND
Wizarding Express batting - Pitching for Seattle Aviators : RHP José Muńóz
Batting: RHB Ralph Cranford 0-0: Called Strike
0-1: Foul Ball, location: 2F
0-2: Ball
1-2: Foul Ball, location: 2F
1-2: Ball
2-2: Fly out, F8 (Flyball, 8LXD)
Batting: SHB Fernando Sánchez 0-0: Ground out 1-3 (Groundball, 13S)
Batting: LHB António Boccanegra 0-0: Ball
1-0: Swinging Strike
1-1: Ball
2-1: Foul Ball, location: 2F
2-2: Ball
3-2: Strikes out looking
Top of the 2nd over - 0 runs, 0 hits, 0 errors, 0 left on base; Wizarding 0 - Seattle 2
BOTTOM OF THE 2ND
Seattle Aviators batting - Pitching for Wizarding Express : RHP Juan Contreras
Batting: RHB Ludwig Kluge 0-0: Ball
1-0: Ball
2-0: Ground out 6-3 (Groundball, 6M)
Batting: RHB Alfredo Méndez 0-0: Fly out, F6 (Popup, 6)
Batting: RHB Seon-keun Kim 0-0: Called Strike
0-1: Fly out, F8 (Flyball, 8LXD)
Bottom of the 2nd over - 0 runs, 0 hits, 0 errors, 0 left on base; Wizarding 0 - Seattle 2
TOP OF THE 3RD
Wizarding Express batting - Pitching for Seattle Aviators : RHP José Muńóz
Batting: RHB Frank Grimes 0-0: Called Strike
0-1: Called Strike
0-2: Ball
1-2: Ball
2-2: Ball
3-2: Base on Balls
Batting: RHB Gustavo Mateo 0-0: Ball
1-0: Foul Ball, location: 2F
1-1: Ball
2-1: Ball
3-1: Foul Ball, location: 2F
3-2: Ground out 6-3 (Groundball, 6)
Frank Grimes to second
Batting: LHB Cris Gonzáles 0-0: Called Strike
0-1: Ball
1-1: Swinging Strike
1-2: Foul Ball, location: 2F
1-2: Ground out 4-3 (Groundball, 4)
Frank Grimes to third
Batting: LHB José Corona 0-0: Ball
1-0: Swinging Strike
1-1: Foul Ball, location: 2F
1-2: Ball
2-2: Foul Ball, location: 2F
2-2: SINGLE (Line Drive, 9S)
Frank Grimes scores
Batting: SHB Salvador Trevino 0-0: Called Strike
0-1: Ball
1-1: Swinging Strike
1-2: Ball
2-2: Strikes out swinging
Top of the 3rd over - 1 run, 1 hit, 0 errors, 1 left on base; Wizarding 1 - Seattle 2
BOTTOM OF THE 3RD
Seattle Aviators batting - Pitching for Wizarding Express : RHP Juan Contreras
Batting: RHB Enrique Ibarra 0-0: Ball
1-0: Foul Ball, location: 2F
1-1: Swinging Strike
1-2: Foul Ball, location: 2F
1-2: Ball
2-2: Foul Ball, location: 2F
2-2: Strikes out swinging
Batting: LHB Yoichibei Sato 0-0: Ball
1-0: Ball
2-0: Foul Ball, location: 2F
2-1: Called Strike
2-2: Strikes out swinging
Batting: LHB Kenny Webster 0-0: Called Strike
0-1: Ball
1-1: Swinging Strike
1-2: Strikes out swinging
Bottom of the 3rd over - 0 runs, 0 hits, 0 errors, 0 left on base; Wizarding 1 - Seattle 2
TOP OF THE 4TH
Wizarding Express batting - Pitching for Seattle Aviators : RHP José Muńóz
Batting: LHB Nathan Tanner 0-0: Called Strike
0-1: Fly out, F7 (Flyball, 7S)
Batting: RHB Ralph Cranford 0-0: Called Strike
0-1: Ball
1-1: Ground out 5-3 (Groundball, 56S)
Batting: SHB Fernando Sánchez 0-0: Ball
1-0: Fly out, F8 (Flyball, 8RS)
Top of the 4th over - 0 runs, 0 hits, 0 errors, 0 left on base; Wizarding 1 - Seattle 2
BOTTOM OF THE 4TH
Seattle Aviators batting - Pitching for Wizarding Express : RHP Juan Contreras
Batting: RHB Albert Zamudio 0-0: Ball
1-0: Foul Ball, location: 2F
1-1: Foul Ball, location: 2F
1-2: Ball
2-2: Fly out, F8 (Flyball, 8LXD)
Batting: LHB Pedro Corona 0-0: Called Strike
0-1: Ball
1-1: Swinging Strike
1-2: Strikes out looking
Batting: LHB Vinski Prifti 0-0: Ball
1-0: Called Strike
1-1: Single, Error in OF, E7, batter to second base
Batting: RHB Ludwig Kluge 0-0: Ball
1-0: Foul Ball, location: 2F
1-1: Ball
2-1: Ball
3-1: Base on Balls
Batting: RHB Alfredo Méndez 0-0: Ball
1-0: Foul Ball, location: 2F
1-1: SINGLE (Groundball, 56D)
Vinski Prifti to third
Ludwig Kluge to second
Runner from 3rd tries for Home, SAFE, throw made at trailing runner, OUT at third!
Bottom of the 4th over - 1 run, 2 hits, 1 error, 1 left on base; Wizarding 1 - Seattle 3
TOP OF THE 5TH
Wizarding Express batting - Pitching for Seattle Aviators : RHP José Muńóz
Batting: LHB António Boccanegra 0-0: Ball
1-0: Ball
2-0: Foul Ball, location: 2F
2-1: SINGLE (Line Drive, 6MD)
Batting: RHB Frank Grimes 0-0: Ball
1-0: SINGLE (Line Drive, 4D)
António Boccanegra to second
Batting: RHB Gustavo Mateo 0-0: Ball
1-0: Ball
2-0: Sac Bunt - play at first, batter OUT! 1-4
António Boccanegra to third
Frank Grimes to second
Batting: LHB Cris Gonzáles 0-0: Ball
1-0: Ball
2-0: Foul Ball, location: 2F
2-1: Ground out 6-3 (Groundball, 6)
António Boccanegra scores
Frank Grimes to third
Batting: LHB José Corona 0-0: Swinging Strike
0-1: Foul Ball, location: 2F
0-2: Ball
1-2: Foul Ball, location: 2F
1-2: Ball
2-2: Strikes out looking
Top of the 5th over - 1 run, 2 hits, 0 errors, 1 left on base; Wizarding 2 - Seattle 3
BOTTOM OF THE 5TH
Seattle Aviators batting - Pitching for Wizarding Express : RHP Juan Contreras
Batting: RHB Seon-keun Kim 0-0: Called Strike
0-1: Ball
1-1: Swinging Strike
1-2: Ball
2-2: Foul Ball, location: 2F
2-2: Strikes out swinging
Batting: RHB Enrique Ibarra 0-0: DOUBLE (Line Drive, 7D)
Batting: LHB Yoichibei Sato 0-0: Ball
1-0: Ball
2-0: Called Strike
2-1: Ground out U3 (Groundball, 3L)
Enrique Ibarra to third
Batting: LHB Kenny Webster 0-0: Called Strike
0-1: Ball
1-1: Swinging Strike
1-2: Strikes out swinging
Bottom of the 5th over - 0 runs, 1 hit, 0 errors, 1 left on base; Wizarding 2 - Seattle 3
TOP OF THE 6TH
Wizarding Express batting - Pitching for Seattle Aviators : RHP José Muńóz
Batting: SHB Salvador Trevino 0-0: Ball
1-0: Fly out, F8 (Flyball, 8RXD)
Batting: LHB Nathan Tanner 0-0: Ball
1-0: Foul Ball, location: 2F
1-1: Ball
2-1: Swinging Strike
2-2: Strikes out looking
Batting: RHB Ralph Cranford 0-0: Called Strike
0-1: Foul Ball, location: 2F
0-2: Foul Ball, location: 2F
0-2: Ball
1-2: Foul Ball, location: 2F
1-2: Foul Ball, location: 2F
1-2: Ball
2-2: Ground out 6-3 (Groundball, 6)
Top of the 6th over - 0 runs, 0 hits, 0 errors, 0 left on base; Wizarding 2 - Seattle 3
BOTTOM OF THE 6TH
Seattle Aviators batting - Pitching for Wizarding Express : RHP Juan Contreras
Batting: RHB Albert Zamudio 0-0: Foul Ball, location: 2F
0-1: Called Strike
0-2: SOLO HOME RUN (Flyball, 7D), Distance : 354 ft
Batting: LHB Pedro Corona 0-0: Ground out 6-3 (Groundball, 6)
Batting: LHB Vinski Prifti 0-0: Ball
1-0: Ball
2-0: Ball
3-0: Base on Balls
Batting: RHB Ludwig Kluge 0-0: Ball
1-0: Called Strike
1-1: Foul Ball, location: 2F
1-2: Strikes out swinging
Batting: RHB Alfredo Méndez 0-0: Foul Ball, location: 2F
0-1: Ball
1-1: Ball
2-1: Ball
3-1: Called Strike
3-2: SINGLE (Groundball, 3L) (infield hit)
Vinski Prifti to second
Batting: RHB Seon-keun Kim 0-0: Ball
1-0: SINGLE (Groundball, 6MD)
Vinski Prifti to third
Alfredo Méndez to second
Runner from 3rd tries for Home, SAFE, throw made home
Pitching: LHP Hao Wei
Batting: RHB Enrique Ibarra 0-0: Ball
1-0: Foul Ball, location: 2F
1-1: Ball
2-1: Ball
3-1: Called Strike
3-2: Strikes out swinging
Bottom of the 6th over - 2 runs, 3 hits, 0 errors, 2 left on base; Wizarding 2 - Seattle 5
TOP OF THE 7TH
Wizarding Express batting - Pitching for Seattle Aviators : RHP José Muńóz
Batting: SHB Fernando Sánchez 0-0: Ground out 4-3 (Groundball, 4)
Batting: LHB António Boccanegra 0-0: Ball
1-0: Ball
2-0: Ball
3-0: Base on Balls
Batting: RHB Frank Grimes 0-0: Ball
1-0: Ball
2-0: SINGLE (Groundball, 4MD)
António Boccanegra to second
Runner from 2nd tries for 3rd, SAFE, throw made to third
Batting: RHB Gustavo Mateo 0-0: Ball
1-0: Called Strike
1-1: SINGLE (Line Drive, 9LM)
António Boccanegra scores
Frank Grimes to second
Batting: LHB Cris Gonzáles 0-0: Foul Ball, location: 2F
0-1: Ground out 4-3 (Groundball, 4S)
Frank Grimes to third
Gustavo Mateo to second
Batting: LHB José Corona 0-0: Ball
1-0: Called Strike
1-1: Ball
2-1: Swinging Strike
2-2: Fly out, F5 (Popup, 25F)
Top of the 7th over - 1 run, 2 hits, 0 errors, 2 left on base; Wizarding 3 - Seattle 5
BOTTOM OF THE 7TH
Seattle Aviators batting - Pitching for Wizarding Express : LHP Hao Wei
Batting: LHB Yoichibei Sato 0-0: Foul Ball, location: 2F
0-1: Ball
1-1: Swinging Strike
1-2: Ball
2-2: SINGLE (Groundball, 34S) (infield hit)
Batting: LHB Kenny Webster 0-0: Called Strike
0-1: Foul Ball, location: 2F
0-2: Foul Ball, location: 2F
0-2: Foul Ball, location: 2F
0-2: Strikes out looking
Batting: RHB Albert Zamudio 0-0: Ball
1-0: Ball
2-0: Foul Ball, location: 2F
2-1: Fly out, F9 (Flyball, 89S)
Batting: LHB Pedro Corona 0-0: Ball
1-0: Called Strike
1-1: Ball
2-1: Foul Ball, location: 2F
2-2: Strikes out swinging
Bottom of the 7th over - 0 runs, 1 hit, 0 errors, 1 left on base; Wizarding 3 - Seattle 5
TOP OF THE 8TH
Wizarding Express batting - Pitching for Seattle Aviators : RHP José Muńóz
Batting: SHB Salvador Trevino 0-0: Ball
1-0: Foul Ball, location: 2F
1-1: Swinging Strike
1-2: SINGLE (Line Drive, 34D)
Pitching: LHP Yajirobei Otomo
Batting: LHB Nathan Tanner 0-0: Hit by Pitch
Salvador Trevino to second
Batting: RHB Ralph Cranford 0-0: Ball
1-0: Fly out, F8 (Line Drive, 78D)
Pinch Hitting: RHB Paul Penrice 0-0: Called Strike
0-1: Foul Ball, location: 2F
0-2: Ball
1-2: Ball
2-2: Ball
3-2: Strikes out looking
Batting: LHB António Boccanegra 0-0: Swinging Strike
0-1: Foul Ball, location: 2F
0-2: Strikes out swinging
Top of the 8th over - 0 runs, 1 hit, 0 errors, 2 left on base; Wizarding 3 - Seattle 5
BOTTOM OF THE 8TH
Seattle Aviators batting - Pitching for Wizarding Express : LHP Hao Wei
Now at 1B: Paul Penrice
Batting: LHB Vinski Prifti 0-0: SOLO HOME RUN (Flyball, 89XD), Distance : 392 ft
Batting: RHB Ludwig Kluge 0-0: Ball
1-0: Foul Ball, location: 2F
1-1: Ball
2-1: Ball
3-1: Foul Ball, location: 2F
3-2: Foul Ball, location: 2F
3-2: Strikes out swinging
Batting: RHB Alfredo Méndez 0-0: Ball
1-0: Called Strike
1-1: Ball
2-1: Ground out 4-3 (Groundball, 4D)
Batting: RHB Seon-keun Kim 0-0: Ball
1-0: Ball
2-0: SOLO HOME RUN (Line Drive, 8LXD), Distance : 423 ft
Pitching: LHP Suezo Amano
Batting: RHB Enrique Ibarra 0-0: Called Strike
0-1: Swinging Strike
0-2: Strikes out swinging
Bottom of the 8th over - 2 runs, 2 hits, 0 errors, 0 left on base; Wizarding 3 - Seattle 7
TOP OF THE 9TH
Wizarding Express batting - Pitching for Seattle Aviators : LHP Yajirobei Otomo
Batting: RHB Frank Grimes 0-0: Ball
1-0: SINGLE (Groundball, 25) (infield hit)
Batting: RHB Gustavo Mateo 0-0: Ball
1-0: Called Strike
1-1: Fly out, F9 (Flyball, 9S)
Batting: LHB Cris Gonzáles 0-0: Ball
1-0: Ball
2-0: Called Strike
2-1: Foul Ball, location: 2F
2-2: Strikes out swinging
Batting: LHB José Corona 0-0: Called Strike
0-1: Ball
1-1: Ball
2-1: Foul Ball, location: 2F
2-2: Strikes out looking
Top of the 9th over - 0 runs, 1 hit, 0 errors, 1 left on base; Wizarding 3 - Seattle 7
Wednesday, September 19th, 2018 - OOTP Baseball 18.8 Build 76